 Dungeon Crawl Stone Soup version 0.17-a0-995-gb5fa8d7 (webtiles) character file.

2636 Hanyuu the Martial Artist (level 9, -1/56 HPs)
             Began as an Octopode Transmuter on May 12, 2015.
             Was a High Priest of Makhleb.
             Slain by an orc
             ... wielding a +0 trident
              (4 damage)
             ... in a bailey.
             The game lasted 00:28:42 (6149 turns).

Hanyuu the Martial Artist (Octopode Transmuter)     Turns: 6149, Time: 00:28:42

Health: -1/56      AC:  2    Str: 10    XL:     9   Next: 61%
Magic:  11/12      EV: 20    Int: 17    God:    Makhleb [*****.]
Gold:   292        SH:  0    Dex: 18    Spells: 3 memorised, 6 levels left

rFire  . . .     SeeInvis +       - Unarmed
rCold  . . .     Clarity  .     (shield currently unavailable)
rNeg   . . .     SustAb   .     (helmet currently unavailable)
rPois  x         Gourm    .     r - amulet of regeneration
rElec  .         Spirit   .     f - ring of see invisible
rCorr  .         Warding  .     v - ring of protection from magic
rMut   .         Stasis   .     e - ring of stealth
MR     +....                    (no ring)
Stlth  +++.......               (no ring)
                                (no ring)
                                (no ring)
                                (no ring)

@: spider-form, very slightly contaminated, hasted, very quick, somewhat
resistant to hostile enchantments, fairly stealthy
A: almost no armour, amphibious, 8 rings, (constrict 8), (camouflage 0),
(gelatinous body 0)
a: End Transformation, Minor Destruction, Lesser Servant of Makhleb, Major
Destruction, Greater Servant of Makhleb, Renounce Religion


You were in a bailey.
You worshipped Makhleb.
Makhleb was extremely pleased with you.
You were hungry.
You were a venomous arachnid creature.
You visited 1 branch of the dungeon, and saw 7 of its levels.
You also visited: Bailey.

You collected 292 gold pieces.

Inventory:

Hand weapons
 a - a +1 blowgun
Missiles
 h - 18 poisoned needles
 l - 8 needles of frenzy
 q - 6 javelins
 u - 7 silver tomahawks
 x - 16 tomahawks (quivered)
 z - 2 throwing nets
 A - 66 arrows
Jewellery
 e - a ring of stealth (on tentacle)
 f - a ring of see invisible (left front leg)
 r - an amulet of regeneration (around neck)
 v - a ring of protection from magic (right front leg)
Scrolls
 d - a scroll of identify
 t - a scroll of fog
 D - a scroll of amnesia
Potions
 g - a potion of ambrosia
 i - a potion of invisibility
 k - 2 potions of flight
 m - 3 potions of haste
 o - a potion of brilliance
 p - 4 potions of curing
 s - a potion of lignification
 B - a potion of berserk rage
 C - a potion of mutation
Books
 b - a book of Changes

   Spells                             Type                      Level
   a - Beastly Appendage              Transmutation                1
   b - Sticks to Snakes               Transmutation                2
   c - Spider Form                    Transmutation/Poison         3
   d - Ice Form                       Ice/Transmutation            4
   e - Blade Hands                    Transmutation                5
Comestibles
 c - 4 bread rations
 j - a fruit
 n - 3 chunks of flesh
 w - 3 meat rations


   Skills:
 - Level 3.0 Fighting
 - Level 2.0 Throwing
 + Level 2.3 Dodging
 * Level 10.5 Unarmed Combat
 - Level 2.0 Spellcasting
 * Level 7.0 Transmutations


You had 6 spell levels left.
You knew the following spells:

 Your Spells              Type           Power        Failure   Level  Hunger
a - Beastly Appendage     Trmt           ####..       4%          1    #......
b - Sticks to Snakes      Trmt           ####......   6%          2    ###....
c - Spider Form           Trmt/Pois      ##........   32%         3    ###....


Dungeon Overview and Level Annotations

Branches:
Dungeon (7/15)             Temple (0/1) D:5

Altars:
Elyvilon
Makhleb
Sif Muna
Vehumet
Xom
Zin
The Shining One

Shops:
D:4 :   D:5 }


Innate Abilities, Weirdness & Mutations

You cannot wear most types of armour.
You are amphibious.
You can wear up to eight rings at the same time.
((You can use your tentacles to constrict eight enemies at once.))
((Your skin changes colour to match your surroundings (Stealth).))
((Your rubbery body absorbs attacks (AC +1).))


Message History

The orc closely misses you.
You hit the orc but do no damage.
The orc is poisoned.
The orc barely misses you.
The orc hits you from afar with a spear.
* * * LOW HITPOINT WARNING * * *
You are too injured to fight recklessly!
You are too injured to fight recklessly!
You bite the orc!
The orc looks even sicker.
The orc is severely wounded.
The orc misses you. The orc barely misses you.
The orc hits you from afar with a trident.
* * * LOW HITPOINT WARNING * * *
The orc hits you with a trident!
* * * LOW HITPOINT WARNING * * *
You bite the orc!
You kill the orc!
Makhleb accepts your kill.
You feel a little better. The orc barely misses you.
The orc hits you from afar with a trident.
You die...

#######
##..∩..##
#.......#
#∩.....∩#
#..o....#
#s.o)...#
#))o....#
#))o....#
#.o.....#
#.......#
#.......#
#.......#
##.....##
###'###


You could see 5 orcs.

Vanquished Creatures
  The ghost of Protee the Changer, an experienced OpTm (D:4)
  Sigmund (D:5)
  A sky beast (D:6)
  An ice beast (D:5)
  A black bear (D:7)
  An orc warrior (D:6)
  A phantom (D:4)
  7 ogres
  A big kobold (D:6)
  2 giant frogs (D:6)
  2 scorpions
  A crimson imp (D:5)
  3 jellies
  2 giant frog skeletons
  Crazy Yiuf (D:5)
  An orc priest (D:3)
  A hound (D:5)
  6 orc wizards
  An iguana (D:7)
  A worker ant (D:6)
  A hound skeleton (D:7)
  A hound zombie (D:5)
  Robin (D:4)
  8 adders
  A shadow imp (D:5)
  2 oozes (D:4)
  An adder skeleton (D:7)
  5 worms
  5 giant geckos
  32 orcs
  15 bats
  3 bat skeletons (D:4)
  5 giant cockroaches
  21 goblins
  8 hobgoblins
  4 quokkas (D:3)
  2 ball pythons (D:2)
  A giant gecko zombie (D:6)
  4 giant newts
  7 jackals
  17 kobolds
  15 rats
  A bush (D:6)
  A plant (D:6)
197 creatures vanquished.

Notes
Turn   | Place    | Note
--------------------------------------------------------------
     0 | D:1      | Hanyuu the Octopode Transmuter began the quest for the Orb.
     0 | D:1      | Reached XP level 1. HP: 13/13 MP: 3/3
   181 | D:1      | Reached XP level 2. HP: 18/18 MP: 5/5
   198 | D:1      | Learned a level 2 spell: Sticks to Snakes
   532 | D:1      | Reached skill level 4 in Unarmed Combat
   697 | D:2      | Reached XP level 3. HP: 21/23 MP: 6/6
   702 | D:2      | Learned a level 3 spell: Spider Form
   710 | D:2      | Found a burning altar of Makhleb.
   713 | D:2      | Found a white marble altar of Elyvilon.
   721 | D:2      | Became a worshipper of Makhleb the Destroyer
  1207 | D:2      | Found a radiant altar of Vehumet.
  1260 | D:2      | Reached XP level 4. HP: 12/28 MP: 7/7
  1560 | D:2      | Reached skill level 5 in Unarmed Combat
  1999 | D:2      | Acquired Makhleb's first power
  2661 | D:3      | Reached XP level 5. HP: 33/33 MP: 8/8
  2918 | D:3      | Found a shimmering altar of Xom.
  2922 | D:3      | Found a shimmering altar of Xom.
  2922 | D:3      | Found a shimmering altar of Xom.
  2924 | D:3      | Found a shimmering altar of Xom.
  2924 | D:3      | Found a shimmering altar of Xom.
  2960 | D:3      | Acquired Makhleb's second power
  3075 | D:4      | Noticed a phantom
  3080 | D:4      | Noticed an ogre
  3084 | D:4      | Killed an ogre
  3084 | D:4      | Reached skill level 6 in Unarmed Combat
  3084 | D:4      | Reached XP level 6. HP: 32/38 MP: 2/9
  3086 | D:4      | Found Ceus Jac's Book Emporium.
  3184 | D:4      | Killed a phantom
  3242 | D:4      | Found a glowing golden altar of the Shining One.
  3362 | D:4      | Noticed an ogre
  3374 | D:4      | Killed an ogre
  3391 | D:4      | Reached skill level 7 in Unarmed Combat
  3391 | D:4      | Reached XP level 7. HP: 38/43 MP: 2/10
  3465 | D:4      | Noticed an ogre
  3500 | D:4      | Killed an ogre
  3693 | D:4      | Noticed Protee's ghost (experienced OpTm)
  3707 | D:4      | Killed Protee's ghost
  3707 | D:4      | Reached skill level 8 in Unarmed Combat
  3707 | D:4      | Reached skill level 5 in Transmutations
  3707 | D:4      | Reached XP level 8. HP: 48/48 MP: 8/11
  3714 | D:4      | Noticed Robin
  3715 | D:4      | Found a glowing silver altar of Zin.
  3725 | D:4      | Acquired Makhleb's third power
  3728 | D:4      | Killed Robin
  3881 | D:5      | Entered Level 5 of the Dungeon
  4009 | D:5      | Noticed Sigmund
  4018 | D:5      | Killed Sigmund
  4018 | D:5      | Reached skill level 9 in Unarmed Combat
  4062 | D:5      | Noticed Crazy Yiuf
  4076 | D:5      | Killed Crazy Yiuf
  4174 | D:5      | Found a staircase to the Ecumenical Temple.
  4311 | D:5      | Found Dooxzo's Gadget Shoppe.
  4340 | D:5      | Acquired Makhleb's fourth power
  4388 | D:5      | Found a deep blue altar of Sif Muna.
  4534 | D:5      | Reached XP level 9. HP: 54/54 MP: 8/12
  4995 | D:6      | Reached skill level 10 in Unarmed Combat
  5276 | D:6      | Reached skill level 1 in Throwing
  6089 | D:7      | Found a flagged portal.
  6108 | Bailey   | Entered a bailey
  6145 | Bailey   | Acquired Makhleb's fifth power
  6147 | Bailey   | HP: 1/56 [orc/trident (11)]
  6149 | Bailey   | Slain by an orc

Vault maps used:
D:1:      scummos_arrival_gate
D:2:      grunt_temple_overflow_open, lemuel_statue_altar
D:3:      xom_redecorated
D:4:      tso_metal_star, old_standard_altar, serial_shops, shop,
          minmay_misc_feat_alley, uniq_robin
D:5:      nicolae_overflow_hidden_temple, minmay_temple_entry_statues,
          serial_shops, nicolae_shop_waterfront, first_bread,
          minmay_misc_feat_iff, kennysheep_boxes, uniq_sigmund,
          uniq_crazy_yiuf_cottage
D:6:      lexackson_kobold_supper
D:7:      minmay_temple_entry_mist, enter_bailey_3, serial_shops,
          nicolae_shop_competitors_out_of_business
Bailey:   bailey_polearm_5, bailey

Action                   |  1- 3 |  4- 6 |  7- 9 || total
-------------------------+-------+-------+-------++-------
Melee: Unarmed           |    90 |   114 |   334 ||   538
 Fire: Blowgun           |       |       |    13 ||    13
Throw: Tomahawk          |       |       |     1 ||     1
 Cast: Beastly Appendage |     3 |       |     3 ||     6
       Spider Form       |     1 |     6 |    16 ||    23
       Sticks to Snakes  |       |       |     3 ||     3
 Abil: End Transformatio |       |       |     1 ||     1
  Use: Scroll            |       |    11 |    10 ||    21
       Potion            |       |       |     4 ||     4
 Stab: Sleeping          |     2 |     7 |    11 ||    20
  Eat: Chunk             |     1 |     7 |    13 ||    21
       Pizza             |       |     1 |       ||     1
